Map: Abyssal Reef LE

Players

SamuraiFunn

  • Race: Protoss Protoss
  • Spawn Location: 11:00

A.I. 1 (Elite) - Winner!

  • Race: Protoss Protoss
  • Spawn Location: 5:00

VOD

Have the link to the VOD?

Description

Time

  • Played on: Nov. 23, 2017, 5:55 p.m.
  • Length: 10:23
Show
View Real Time Build Order
Export as new Build Order

SamuraiFunn Protoss 

Build Orders: Dark Templar Rush 

Get SALT Encoding   

  12  0:01  Probe  
  13  0:13  Probe  
  14  0:25  Probe, Pylon  
  15  0:37  Assimilator  
  15  0:43  Probe  
  16  0:50  Gateway  
  16  0:55  Probe  
  17  1:07  Probe  
  18  1:19  Probe  
  18  1:24  Assimilator  
  19  1:34  Probe  
  20  1:44  Cybernetics Core  
  20  1:49  Nexus  
  20  1:53  Probe  
  21  2:00  Zealot  
  23  2:11  Pylon  
  23  2:26  Twilight Council  
  24  2:30  Probe  
  24  2:33  Pylon  
  24  2:48  Probe  
  25  2:53  Assimilator  
  25  2:55  Assimilator  
  25  2:57  Adept  
  27  3:00  Probe  
  28  3:07  Dark Shrine  
  28  3:14  Gateway  
  28  3:36  Probe  
  28  3:39  Probe  
  30  3:48  Gateway x2, Probe  
  31  3:49  Warp Gate (Chrono Boost)  
  31  3:53  Probe  
  32  4:02  Pylon  
  32  4:04  Probe  
  32  4:09  Charge  
  33  4:32  Sentry  
  34  4:38  Probe  
  34  4:39  Probe  
  36  5:18  Probe  
  36  5:19  Probe  
  38  5:30  Probe  
  38  5:33  Dark Templar x3  
  38  5:34  Dark Templar  
  47  5:41  Probe  
  47  5:42  Probe  
  47  6:15  Dark Templar x3  
  53  6:34  Sentry  
  55  6:50  Robotics Facility  
  55  7:02  Nexus  
  55  7:05  Pylon  
  55  7:07  Pylon  
  53  7:10  Pylon  
  53  7:12  Assimilator  
  53  7:16  Assimilator  
  53  7:26  Dark Templar x4  
  57  7:46  Stargate  
  57  7:48  Gateway  
  57  7:49  Gateway  
  57  7:52  Probe x2  
  57  7:55  Gateway  
  57  7:57  Gateway  
  59  8:04  Probe  
  60  8:11  Robotics Facility  
  60  8:19  Probe  
  62  8:20  Probe  
  62  8:38  Probe x3  
  61  9:15  Dark Templar  
  61  9:16  Dark Templar x6  
  61  9:17  Dark Templar  
  77  9:20  Warp Prism  
  79  9:28  Probe x3  
Show
View Real Time Build Order
Export as new Build Order

A.I. 1 (Elite) Protoss - Winner!

Build Orders: Colossus Rush 

Get SALT Encoding   

  12  0:00  Probe  
  13  0:13  Probe  
  14  0:20  Pylon  
  14  0:25  Probe  
  15  0:38  Probe  
  16  0:48  Assimilator  
  16  0:50  Probe  
  16  0:51  Gateway  
  17  1:02  Probe, Pylon  
  18  1:14  Probe  
  19  1:26  Probe  
  20  1:38  Probe, Zealot  
  23  1:43  Cybernetics Core  
  23  1:51  Probe  
  24  2:03  Probe  
  24  2:05  Nexus  
  25  2:15  Probe  
  26  2:20  Warp Gate  
  26  2:23  Stalker  
  26  2:27  Probe  
  29  2:35  Pylon  
  29  2:39  Probe  
  30  2:47  Gateway  
  30  2:51  Probe, Assimilator  
  31  2:58  Adept  
  31  3:03  Probe  
  34  3:05  Pylon  
  34  3:15  Probe  
  34  3:17  Probe  
  36  3:26  Adept  
  38  3:27  Probe  
  38  3:29  Probe  
  40  3:35  Robotics Facility  
  40  3:39  Probe  
  40  3:42  Adept  
  40  3:44  Probe  
  43  3:52  Probe  
  43  3:53  Adept  
  46  3:56  Probe  
  47  4:04  Probe  
  47  4:08  Probe  
  49  4:10  Adept  
  49  4:16  Probe  
  52  4:20  Probe  
  53  4:27  Robotics Bay, Adept  
  53  4:28  Probe  
  53  4:30  Pylon  
  56  4:32  Probe  
  56  4:34  Observer  
  58  4:40  Probe  
  58  4:43  Robotics Facility  
  58  4:44  Probe  
  60  4:50  Pylon  
  60  4:51  Stalker  
  62  4:55  Stalker  
  63  5:00  Probe  
  63  5:02  Probe, Pylon  
  65  5:12  Probe  
  66  5:24  Gateway  
  66  5:28  Colossus  
  66  5:33  Zealot  
  66  5:34  Pylon  
  74  5:36  Zealot  
  76  5:44  Probe x2  
  76  5:46  Pylon  
  76  5:48  Assimilator  
  78  5:51  Assimilator  
  78  5:53  Stalker  
  80  5:57  Sentry  
  80  6:00  Forge  
  82  6:04  Forge  
  82  6:10  Nexus  
  82  6:11  Probe  
  83  6:12  Probe  
  83  6:16  Zealot  
  86  6:18  Pylon, Zealot  
  86  6:20  Stalker  
  86  6:23  Probe  
  86  6:24  Probe  
  92  6:35  Probe  
  92  6:36  Stalker  
  92  6:38  Stalker  
  97  6:42  Pylon  
  97  6:43  Sentry  
  99  6:51  Protoss Ground Weapons Level 1  
  99  6:53  Protoss Ground Armor Level 1  
  99  6:59  Stalker  
  99  7:00  Pylon  
  101  7:06  Pylon  
  100  7:14  Nexus  
  100  7:16  Colossus  
  100  7:21  Sentry  
  108  7:27  Photon Cannon  
  108  7:28  Pylon  
  108  7:36  Pylon  
  108  7:39  Photon Cannon  
  108  7:40  Pylon  
  108  7:42  Pylon  
  108  7:47  Photon Cannon  
  108  7:51  Twilight Council  
  108  8:02  Gateway  
  108  8:05  Colossus  
  114  8:17  Extended Thermal Lance  
  114  8:26  Probe x3  
  117  8:31  Photon Cannon, Disruptor  
  119  8:35  Pylon  
  119  8:38  Probe x2  
  119  8:39  Probe  
  122  8:50  Probe  
  122  8:51  Probe x2  
  125  8:57  Photon Cannon  
  125  8:59  Disruptor  
  125  9:02  Probe, Pylon, Zealot  
  130  9:03  Probe  
  130  9:04  Probe  
  130  9:08  Stalker  
  134  9:11  Stalker  
  134  9:14  Probe  
  134  9:15  Probe, Observer  
  139  9:23  Assimilator  
  139  9:27  Assimilator  
  139  9:34  Warp Prism  
  139  9:35  Photon Cannon  
  139  9:37  Photon Cannon, Observer  
  142  9:40  Nexus  
  142  9:45  Probe x3  
  144  9:51  Zealot x3  
  151  9:55  Zealot  
  151  9:57  Probe  
  151  9:58  Probe  
  140  10:09  Probe x2  
  140  10:10  Probe  
Tags
 
Add a new tag
Caveats
  • Supply blocks, unpowered buildings, or Contaminate may cause inaccurate times.
  • Supply counts are checked every 10 seconds.